TOP OF THE 1ST |
Milwaukee (NYP) Brewers batting - Pitching for Cincinnati (NYP) Reds : LHP Bill Cooksey
|
Pitching: LHP Bill Cooksey
|
|
Batting: RHB Chris Maul
|
0-0: Ground out 5-3 (Groundball, 56S, EV 70.6 MPH)
|
Batting: LHB Jason Raker
|
0-0: Called Strike 0-1: Ground out 6-3 (Groundball, 6, EV 78.8 MPH)
|
Batting: RHB Jose Cerritos
|
0-0: Foul Ball, location: 2F 0-1: Ball 1-1: Ball 2-1: Reached on error, E4 (Groundball, 4S, EV 88.1 MPH)
|
Batting: RHB Victor Alarcon
|
0-0: Ball Jose Cerritos is caught stealing 2nd base 2-4
|
Top of the 1st over - 0 runs, 0 hits, 1 error, 0 left on base; Milwaukee (NYP) 0 - Cincinnati (NYP) 0 |
BOTTOM OF THE 1ST |
Cincinnati (NYP) Reds batting - Pitching for Milwaukee (NYP) Brewers : RHP Ernie Schmutz
|
Pitching: RHP Ernie Schmutz
|
|
Batting: RHB Cyd Carver
|
0-0: Called Strike 0-1: Foul Ball, location: 2F 0-2: Fly out, F7 (Flyball, 7, EV 88.1 MPH)
|
Batting: RHB Tim Walter
|
0-0: Called Strike 0-1: Ground out 5-3 (Groundball, 5, EV 91.9 MPH)
|
Batting: LHB Matt Kennedy
|
0-0: Swinging Strike 0-1: Foul Ball, location: 2F 0-2: Strikes out swinging
|
Bottom of the 1st over - 0 runs, 0 hits, 0 errors, 0 left on base; Milwaukee (NYP) 0 - Cincinnati (NYP) 0 |
TOP OF THE 2ND |
Milwaukee (NYP) Brewers batting - Pitching for Cincinnati (NYP) Reds : LHP Bill Cooksey
|
Batting: RHB Victor Alarcon
|
0-0: Called Strike 0-1: Called Strike 0-2: Ground out 4-3 (Groundball, 34, EV 88.1 MPH)
|
Batting: SHB Aaron Neill
|
0-0: Swinging Strike 0-1: SINGLE (Line Drive, 56, EV 94.4 MPH)
|
Batting: RHB Ryan Miller
|
0-0: Ball 1-0: Ball 2-0: Called Strike 2-1: Ball 3-1: Base on Balls Aaron Neill to second
|
Batting: SHB Orlando Torres
|
0-0: Called Strike Aaron Neill steals 3rd base 0-1: Ball 1-1: Foul Ball, location: 2F 1-2: Ball 2-2: Ball 3-2: SINGLE (Groundball, 6MD, EV 115.6 MPH) Aaron Neill scores Ryan Miller to second Runner from 2nd tries for 3rd, SAFE, throw by CF made to third Orlando Torres to second
|
Batting: RHB Leo Serrano
|
0-0: Fly out, F6 (Popup, P, EV 88.8 MPH)
|
Batting: RHB Justin Marino
|
0-0: Called Strike 0-1: Ball 1-1: Foul Ball, location: 2F 1-2: Ground out U3 (Groundball, 3, EV 98.8 MPH)
|
Top of the 2nd over - 1 run, 2 hits, 0 errors, 2 left on base; Milwaukee (NYP) 1 - Cincinnati (NYP) 0 |
BOTTOM OF THE 2ND |
Cincinnati (NYP) Reds batting - Pitching for Milwaukee (NYP) Brewers : RHP Ernie Schmutz
|
Batting: LHB Leo Gomez
|
0-0: Swinging Strike 0-1: Ball 1-1: Fly out, F4 (Line Drive, 4, EV 65.6 MPH)
|
Batting: RHB Sang-ton Pak
|
0-0: Called Strike 0-1: Ball 1-1: Swinging Strike 1-2: Ball 2-2: Strikes out swinging
|
Batting: SHB Jaivata Mohanty
|
0-0: Ball 1-0: Foul Ball, location: 2F 1-1: Foul Ball, location: 2F 1-2: Strikes out looking
|
Bottom of the 2nd over - 0 runs, 0 hits, 0 errors, 0 left on base; Milwaukee (NYP) 1 - Cincinnati (NYP) 0 |
TOP OF THE 3RD |
Milwaukee (NYP) Brewers batting - Pitching for Cincinnati (NYP) Reds : LHP Bill Cooksey
|
Batting: RHB Chris Maul
|
0-0: Ground out 5-3 (Groundball, 56, EV 101.9 MPH)
|
Batting: LHB Jason Raker
|
0-0: Called Strike 0-1: Ball 1-1: Ball 2-1: Called Strike 2-2: Ball 3-2: Strikes out looking
|
Batting: RHB Jose Cerritos
|
0-0: Foul Ball, location: 2F 0-1: Called Strike 0-2: Ball 1-2: Ball 2-2: Foul Ball, location: 2F 2-2: Ball 3-2: Ground out 4-3 (Groundball, 4, EV 90.0 MPH)
|
Top of the 3rd over - 0 runs, 0 hits, 0 errors, 0 left on base; Milwaukee (NYP) 1 - Cincinnati (NYP) 0 |
BOTTOM OF THE 3RD |
Cincinnati (NYP) Reds batting - Pitching for Milwaukee (NYP) Brewers : RHP Ernie Schmutz
|
Batting: RHB Ben Hinman
|
0-0: Ball 1-0: Called Strike 1-1: Foul Ball, location: 2F 1-2: Strikes out swinging
|
Batting: LHB Brian Dickeson
|
0-0: Called Strike 0-1: Foul Ball, location: 2F 0-2: Ball 1-2: Strikes out swinging
|
Batting: RHB John Hopkins
|
0-0: Swinging Strike 0-1: Swinging Strike 0-2: Strikes out swinging
|
Bottom of the 3rd over - 0 runs, 0 hits, 0 errors, 0 left on base; Milwaukee (NYP) 1 - Cincinnati (NYP) 0 |
TOP OF THE 4TH |
Milwaukee (NYP) Brewers batting - Pitching for Cincinnati (NYP) Reds : LHP Bill Cooksey
|
Batting: RHB Victor Alarcon
|
0-0: Called Strike 0-1: Ground out 2-3 (Groundball, 13S, EV 71.9 MPH)
|
Batting: SHB Aaron Neill
|
0-0: Called Strike 0-1: Ball 1-1: Foul Ball, location: 2F 1-2: Ground out 4-3 (Groundball, 34, EV 100.6 MPH)
|
Batting: RHB Ryan Miller
|
0-0: Ball 1-0: Ball 2-0: Ground out 4-3 (Groundball, 4, EV 102.5 MPH)
|
Top of the 4th over - 0 runs, 0 hits, 0 errors, 0 left on base; Milwaukee (NYP) 1 - Cincinnati (NYP) 0 |
BOTTOM OF THE 4TH |
Cincinnati (NYP) Reds batting - Pitching for Milwaukee (NYP) Brewers : RHP Ernie Schmutz
|
Batting: RHB Cyd Carver
|
0-0: Ground out 6-3 (Groundball, 6, EV 90.0 MPH)
|
Batting: RHB Tim Walter
|
0-0: Called Strike 0-1: Ball 1-1: Ball 2-1: Ball 3-1: Foul Ball, location: 2F 3-2: SINGLE (Line Drive, 7S, EV 111.2 MPH)
|
Batting: LHB Matt Kennedy
|
0-0: Ball 1-0: Called Strike 1-1: Swinging Strike 1-2: Ball 2-2: Foul Ball, location: 2F 2-2: Foul Ball, location: 2F 2-2: Foul Ball, location: 2F 2-2: Fly out, F9 (Flyball, 9S, EV 86.2 MPH)
|
Batting: LHB Leo Gomez
|
0-0: Ball 1-0: Ball 2-0: Ball 3-0: Fly out, F7 (Flyball, 7, EV 81.2 MPH)
|
Bottom of the 4th over - 0 runs, 1 hit, 0 errors, 1 left on base; Milwaukee (NYP) 1 - Cincinnati (NYP) 0 |
TOP OF THE 5TH |
Milwaukee (NYP) Brewers batting - Pitching for Cincinnati (NYP) Reds : LHP Bill Cooksey
|
Batting: SHB Orlando Torres
|
0-0: Ground out 5-3 (Groundball, 56S, EV 91.2 MPH)
|
Batting: RHB Leo Serrano
|
0-0: Ball 1-0: Called Strike 1-1: Ball 2-1: Ball 3-1: Base on Balls
|
Batting: RHB Justin Marino
|
0-0: Ball 1-0: Ball 2-0: Foul Ball, location: 2F 2-1: Ball 3-1: Base on Balls Leo Serrano to second
|
Batting: RHB Chris Maul
|
0-0: Ball 1-0: SINGLE (Flyball, 89S, EV 95.0 MPH) Leo Serrano to third Justin Marino to second Runner from 3rd tries for Home, throw by RF and OUT! 9-2 Justin Marino to third Chris Maul to second
|
Batting: LHB Jason Raker
|
0-0: Ground out 6-3 (Groundball, 6, EV 88.8 MPH)
|
Top of the 5th over - 0 runs, 1 hit, 0 errors, 2 left on base; Milwaukee (NYP) 1 - Cincinnati (NYP) 0 |
BOTTOM OF THE 5TH |
Cincinnati (NYP) Reds batting - Pitching for Milwaukee (NYP) Brewers : RHP Ernie Schmutz
|
Batting: RHB Sang-ton Pak
|
0-0: Ball 1-0: Ground out 5-3 (Groundball, 56, EV 87.5 MPH)
|
Batting: SHB Jaivata Mohanty
|
0-0: Foul Ball, location: 2F 0-1: Called Strike 0-2: Strikes out looking
|
Batting: RHB Ben Hinman
|
0-0: Swinging Strike 0-1: Swinging Strike 0-2: Strikes out looking
|
Bottom of the 5th over - 0 runs, 0 hits, 0 errors, 0 left on base; Milwaukee (NYP) 1 - Cincinnati (NYP) 0 |
TOP OF THE 6TH |
Milwaukee (NYP) Brewers batting - Pitching for Cincinnati (NYP) Reds : LHP Bill Cooksey
|
Batting: RHB Jose Cerritos
|
0-0: Ball 1-0: Called Strike 1-1: Fly out, F9 (Flyball, 9S, EV 86.9 MPH)
|
Batting: RHB Victor Alarcon
|
0-0: Ball 1-0: Ball 2-0: Swinging Strike 2-1: Foul Ball, location: 2F 2-2: Ball 3-2: Foul Ball, location: 2F 3-2: Strikes out swinging
|
Batting: SHB Aaron Neill
|
0-0: Ground out U3 (Groundball, 3, EV 82.5 MPH)
|
Top of the 6th over - 0 runs, 0 hits, 0 errors, 0 left on base; Milwaukee (NYP) 1 - Cincinnati (NYP) 0 |
BOTTOM OF THE 6TH |
Cincinnati (NYP) Reds batting - Pitching for Milwaukee (NYP) Brewers : RHP Ernie Schmutz
|
Batting: LHB Brian Dickeson
|
0-0: Ball 1-0: Called Strike 1-1: Ball 2-1: Foul Ball, location: 2F 2-2: Ball 3-2: Foul Ball, location: 2F 3-2: Base on Balls
|
Batting: RHB John Hopkins
|
0-0: Fielders Choice at 2nd, 4-6 (Groundball, 4, EV 92.5 MPH)
|
Batting: RHB Cyd Carver
|
0-0: Called Strike John Hopkins steals 2nd base (no throw) 0-1: Ball 1-1: Fly out, F8 (Flyball, 8LM, EV 78.8 MPH) Runner from 2nd tags up, SAFE at 3rd with throw by CF
|
Batting: RHB Tim Walter
|
0-0: Ball 1-0: Called Strike 1-1: Ground out 4-3 (Groundball, 4, EV 105.6 MPH)
|
Bottom of the 6th over - 0 runs, 0 hits, 0 errors, 1 left on base; Milwaukee (NYP) 1 - Cincinnati (NYP) 0 |
TOP OF THE 7TH |
Milwaukee (NYP) Brewers batting - Pitching for Cincinnati (NYP) Reds : LHP Bill Cooksey
|
Batting: RHB Ryan Miller
|
0-0: Foul Ball, location: 2F 0-1: Ball 1-1: Ground out 4-3 (Groundball, 34, EV 80.0 MPH)
|
Batting: SHB Orlando Torres
|
0-0: Ball 1-0: SINGLE (Groundball, 25, EV 54.4 MPH) (infield hit)
|
Batting: RHB Leo Serrano
|
0-0: Foul Ball, location: 2F 0-1: Ball 1-1: Foul Ball, location: 2F 1-2: Ball 2-2: Strikes out swinging
|
Batting: RHB Justin Marino
|
0-0: Ball 1-0: Ball 2-0: Swinging Strike 2-1: Ball 3-1: Called Strike 3-2: Strikes out swinging
|
Top of the 7th over - 0 runs, 1 hit, 0 errors, 1 left on base; Milwaukee (NYP) 1 - Cincinnati (NYP) 0 |
BOTTOM OF THE 7TH |
Cincinnati (NYP) Reds batting - Pitching for Milwaukee (NYP) Brewers : RHP Ernie Schmutz
|
Pitching: LHP Iku Yoshino
|
|
Now in CF: Jesus Menjivar
|
|
Batting: LHB Matt Kennedy
|
0-0: Swinging Strike 0-1: Ball 1-1: Ball 2-1: Called Strike 2-2: Ball 3-2: Strikes out swinging
|
Batting: LHB Leo Gomez
|
0-0: Ball 1-0: Called Strike 1-1: SINGLE (Groundball, 23, EV 71.2 MPH) (infield hit)
|
Pitching: RHP Ed Raleigh
|
|
Batting: RHB Sang-ton Pak
|
0-0: Ball Leo Gomez is caught stealing 2nd base 2-4 1-0: Ball 2-0: DOUBLE (Line Drive, 8RD, EV 110.0 MPH)
|
Batting: SHB Jaivata Mohanty
|
0-0: Ball 1-0: Foul Ball, location: 2F 1-1: 2-RUN HOME RUN (Flyball, 9LD, EV 95.6 MPH), Distance : 353 ft
|
Batting: RHB Ben Hinman
|
0-0: Swinging Strike 0-1: Ball 1-1: Swinging Strike 1-2: Strikes out swinging
|
Bottom of the 7th over - 2 runs, 3 hits, 0 errors, 0 left on base; Milwaukee (NYP) 1 - Cincinnati (NYP) 2 |
TOP OF THE 8TH |
Milwaukee (NYP) Brewers batting - Pitching for Cincinnati (NYP) Reds : LHP Bill Cooksey
|
Pitching: LHP Jeff Wall
|
|
Batting: RHB Chris Maul
|
0-0: Foul Ball, location: 2F 0-1: Ground out 6-3 (Groundball, 6, EV 81.9 MPH)
|
Batting: LHB Jason Raker
|
0-0: Swinging Strike 0-1: Called Strike 0-2: Ball 1-2: Foul Ball, location: 2F 1-2: Strikes out swinging
|
Batting: RHB Jose Cerritos
|
0-0: Called Strike 0-1: Called Strike 0-2: SOLO HOME RUN (Flyball, 7LD, EV 95.0 MPH), Distance : 364 ft
|
Batting: RHB Victor Alarcon
|
0-0: Foul Ball, location: 2F 0-1: Ball 1-1: SOLO HOME RUN (Flyball, 7LD, EV 95.6 MPH), Distance : 366 ft
|
Batting: RHB Jesus Menjivar
|
0-0: Swinging Strike 0-1: Called Strike 0-2: Strikes out swinging
|
Top of the 8th over - 2 runs, 2 hits, 0 errors, 0 left on base; Milwaukee (NYP) 3 - Cincinnati (NYP) 2 |
BOTTOM OF THE 8TH |
Cincinnati (NYP) Reds batting - Pitching for Milwaukee (NYP) Brewers : RHP Ed Raleigh
|
Pitching: LHP Dean Byrne
|
|
Batting: LHB Brian Dickeson
|
0-0: Foul Ball, location: 2F 0-1: Foul Ball, location: 2F 0-2: Ball 1-2: Ball 2-2: Foul Ball, location: 2F 2-2: Ball 3-2: Strikes out swinging
|
Pitching: RHP Sal Contreras
|
|
Batting: RHB Yasusaburo Kuwahara
|
0-0: Foul Ball, location: 2F 0-1: SOLO HOME RUN (Flyball, 7D, EV 99.4 MPH), Distance : 388 ft
|
Batting: RHB Cyd Carver
|
0-0: Called Strike 0-1: Ball 1-1: Swinging Strike 1-2: Strikes out swinging
|
Pinch Hitting: SHB Kristian Kristensen
|
0-0: Ball 1-0: Ball 2-0: Called Strike 2-1: Called Strike 2-2: Ball 3-2: Foul Ball, location: 2F 3-2: Base on Balls
|
Batting: LHB Matt Kennedy
|
0-0: Swinging Strike 0-1: Foul Ball, location: 2F 0-2: Strikes out swinging
|
Bottom of the 8th over - 1 run, 1 hit, 0 errors, 1 left on base; Milwaukee (NYP) 3 - Cincinnati (NYP) 3 |
TOP OF THE 9TH |
Milwaukee (NYP) Brewers batting - Pitching for Cincinnati (NYP) Reds : LHP Jeff Wall
|
Now at 2B: Travis Petrick
|
|
Batting: RHB Ryan Miller
|
0-0: Ground out 5-3 (Groundball, 56S, EV 70.6 MPH)
|
Batting: SHB Orlando Torres
|
0-0: Called Strike 0-1: Ball 1-1: Foul Ball, location: 2F 1-2: Ball 2-2: Strikes out swinging
|
Batting: RHB Leo Serrano
|
0-0: Hit by Pitch
|
Batting: RHB Justin Marino
|
0-0: Ground out 5-3 (Groundball, 5S, EV 85.0 MPH)
|
Top of the 9th over - 0 runs, 0 hits, 0 errors, 1 left on base; Milwaukee (NYP) 3 - Cincinnati (NYP) 3 |
BOTTOM OF THE 9TH |
Cincinnati (NYP) Reds batting - Pitching for Milwaukee (NYP) Brewers : RHP Sal Contreras
|
Pitching: RHP Juan Magdaleno
|
|
Batting: LHB Leo Gomez
|
0-0: Called Strike 0-1: Called Strike 0-2: Strikes out swinging
|
Pinch Hitting: SHB Tim Utz
|
0-0: Ball 1-0: Foul Ball, location: 2F 1-1: Ball 2-1: Ball 3-1: Foul Ball, location: 2F 3-2: Base on Balls
|
Batting: SHB Jaivata Mohanty
|
0-0: Called Strike 0-1: Ball 1-1: Called Strike 1-2: Strikes out looking
|
Pinch Hitting: LHB Steven Wamble
|
0-0: Called Strike 0-1: Ball 1-1: Ball 2-1: Called Strike 2-2: 2-RUN HOME RUN (Flyball, 89XD, EV 115.0 MPH), Distance : 474 ft
|
Bottom of the 9th over - 2 runs, 1 hit, 0 errors, 0 left on base; Milwaukee (NYP) 3 - Cincinnati (NYP) 5 |
|